 Dungeon Crawl Stone Soup version 0.31-a0-1376-g36f0627 (webtiles) character file.

Game seed: 15066617201692362081

3992 rotlqkf the Basher (level 10, -1/115 HPs)
             Began as an Oni Berserker on Dec 24, 2023.
             Was an Elder of Trog.
             Slain by a gnoll bouda
             ... wielding a +0 spear
              (6 damage)
             ... in a bailey.
             The game lasted 00:15:56 (8875 turns).

rotlqkf the Basher (Oni Berserker)                  Turns: 8875, Time: 00:15:56

Health: -1/115     AC:  8    Str: 27    XL:     10   Next: 23%
Magic:  19/19      EV:  5    Int:  8    God:    Trog [****..]
Gold:   559        SH:  0    Dex:  8    Spells: 9/9 levels left

rFire   . . .        N - +2 flail (protect)
rCold   . . .        (no shield)
rNeg    . . .        D - +0 steam dragon scales
rPois   .            y - +1 hat
rElec   .            i - +0 cloak
rCorr   .            (gloves unavailable)
SInv    .            (boots unavailable)
Will    ++++.        x - amulet of the acrobat
Stlth   +            k - ring of magical power
HPRegen 1.39/turn    u - ring of willpower
MPRegen 0.16/turn

%: acrobat
@: strong-willed (expiring), on berserk cooldown, held, regenerating (expiring),
slowed, very slow
A: large, unfitting armour, horns 1, tough skin 1, double potion healing,
drunken brawling
a: Renounce Religion, Berserk, Trog's Hand, Brothers in Arms


You were in a bailey.
You worshipped Trog.
Trog was greatly pleased with you.
You visited 2 branches of the dungeon, and saw 9 of its levels.
You also visited: Bailey.

You collected 559 gold pieces.

Inventory:

Hand Weapons
 a - a +0 mace
 N - a +2 flail of protection (weapon)
Missiles
 c - 30 poisoned darts (quivered)
 t - 5 javelins
 z - 6 boomerangs
 E - 4 large rocks
 J - 4 throwing nets
Armour
 b - a +0 tower shield
 i - a +0 cloak (worn)
 y - a +1 hat (worn)
 D - +0 steam dragon scales (worn)
Jewellery
 k - a ring of magical power (left hand)
 u - a ring of willpower (right hand)
 x - an amulet of the acrobat (around neck)
Talismans
 M - a maw talisman
Wands
 n - a wand of polymorph (5)
 A - a wand of flame (20)
 C - a wand of iceblast (4)
 H - a wand of mindburst (11)
 I - a wand of acid (6)
Scrolls
 e - 4 scrolls of poison {unknown}
 g - a scroll of noise {unknown}
 h - 4 scrolls of vulnerability {unknown}
 j - a scroll of fog {unknown}
 m - 8 scrolls of identify {unknown}
 o - 3 scrolls of teleportation {unknown}
 r - a scroll of amnesia {unknown}
 v - a scroll of torment {unknown}
 B - 2 scrolls of enchant weapon {unknown}
 G - a scroll of brand weapon {unknown}
 L - a scroll of enchant armour {unknown}
Potions
 d - 2 potions of enlightenment {unknown}
 f - 3 potions of berserk rage {unknown}
 l - 3 potions of curing {unknown}
 p - 2 potions of cancellation {unknown}
 q - 2 potions of mutation {unknown}
 s - a potion of degeneration {unknown}
 w - a potion of magic {unknown}
 F - a potion of might {unknown}
 K - a potion of invisibility {unknown}


   Skills:
 + Level 11.8 Fighting
 * Level 12.0 Maces & Flails
 - Level 2.6 Dodging


You had 9 spell levels left.
You didn't know any spells.
Your spell library was empty.

Dungeon Overview and Level Annotations

Branches:
Dungeon (8/15)             Temple (1/1) D:5          Bailey (1/1)
   Lair: D:8-11

Altars:
Ashenzari
Cheibriados
Dithmenos
Elyvilon
Gozag
Makhleb
Nemelex Xobeh
Okawaru
Qazlal
Ru
Sif Muna
Trog
Uskayaw
Wu Jian
Xom
Yredelemnul
Zin
The Shining One

Shops:
D:1 [   D:4 *   D:5 [   D:7 =

Annotations:
D:8 3 runed translucent doors, wqsa789's ghost, novice HuGl


Innate Abilities, Weirdness & Mutations

You are too large for most types of armour.
You have a pair of small horns on your head.
You have tough skin. (AC +1)
You gain doubled healing and magic from potions.
Whenever you drink a healing potion, you attack all around you.


Message History

The gnoll throws a throwing net.
The throwing net hits you.
You become entangled in the net!
The gnoll bouda hits you with a +0 spear.
You tear a large gash into the net.
The gnoll bouda barely misses you. The gnoll hits you but does no damage.
The gnoll bouda hits you but does no damage.
The gnoll bouda hits you with a +0 trident.
You struggle against the net.
The gnoll is no longer moving quickly.
The gnoll hits you from afar with a +0 trident.
The gnoll bouda hits you with a +0 spear.
The gnoll bouda hits you but does no damage.
The gnoll hits you from afar with a +0 trident.
The gnoll bouda hits you with a +0 spear!
You struggle against the net.
You feel the effects of Trog's Hand fading.
The gnoll bouda hits you with a +0 trident!
* * * LOW HITPOINT WARNING * * *
The gnoll hits you from afar with a +0 trident.
* * * LOW HITPOINT WARNING * * *
The gnoll bouda barks out a call to the hunt!
The gnoll picks up the pace!
The gnoll bouda hits you but does no damage.
Okay, then.
Aiming: Iceblast
Press: ? - help, Shift-Dir - straight line, f - gnoll
Aim: a gnoll, wielding a +0 trident and wearing a +0 scale mail (covering ground quickly)
The mass of ice explodes!
The iceblast engulfs the gnoll!
The gnoll is severely wounded.
The iceblast engulfs the gnoll bouda!
The gnoll bouda is almost dead.
The gnoll bouda is no longer moving quickly.
The gnoll barely misses you.
The gnoll bouda hits you with a +0 spear.
* * * LOW HITPOINT WARNING * * *
The gnoll bouda hits you with a +0 trident!
* * * LOW HITPOINT WARNING * * *
The gnoll hits you from afar with a +0 trident.
* * * LOW HITPOINT WARNING * * *
The gnoll bouda hits you with a +0 spear.
You die...

##...#...#
##...)'...+
#.....#.).#
#8.(.)##'##
#..).##...##
#...##.....##
#...#.......#
###)#...8...#
#.g@#.......#
#.g.##.....##
#..g.##.).##
#8....##'##
#.....#...#
#####+#)).# #...#
.######'''######.
.................


You could see 2 gnoll boudas and a gnoll (swift).

Vanquished Creatures
  Joseph (D:7)
  Eustachio (D:6)
  A steam dragon (D:6)
  Menkaure (D:5)
  2 water moccasins
  3 orc warriors (D:8)
  3 black bears
  2 sky beasts
  2 wolves (Bailey)
  Blork the orc (D:6)
  3 kobold brigands
  5 gnoll sergeants (Bailey)
  2 scorpions
  An electric eel (D:7)
  4 hounds
  4 jellies
  2 bombardier beetles
  4 gnoll boudas
  3 orc priests
  A sleepcap (D:5)
  7 iguanas
  Jessica (D:2)
  Ijyb (D:5)
  9 orc wizards
  9 adders
  20 gnolls
  2 shadow imps (D:6)
  2 white imps
  2 ufetubi (D:6)
  A worm (D:4)
  2 dart slugs
  28 orcs
  6 ball pythons
  9 bats
  8 endoplasms
  4 giant cockroaches
  13 hobgoblins
  3 jackals (D:1)
  21 kobolds
  6 quokkas
  5 frilled lizards
  14 goblins
  5 rats
224 creatures vanquished.

Notes
Turn   | Place    | Note
-------+----------+-------------------------------------------
     0 | D:1      | rotlqkf the Oni Berserker began the quest for the Orb.
     0 | D:1      | Reached XP level 1. HP: 24/24 MP: 1/1
    31 | D:1      | Reached XP level 2. HP: 33/33 MP: 2/2
   471 | D:1      | Reached XP level 3. HP: 38/40 MP: 3/3
   727 | D:1      | Found Viagoh's Antique Armour Emporium.
   951 | D:2      | Reached ** piety under Trog
   952 | D:2      | Reached skill level 5 in Fighting
  1157 | D:2      | Reached skill level 4 in Maces & Flails
  1157 | D:2      | Reached XP level 4. HP: 44/50 MP: 4/4
  1280 | D:2      | Noticed Jessica
  1292 | D:2      | Killed Jessica
  1595 | D:2      | Reached XP level 5. HP: 51/59 MP: 5/5
  2283 | D:3      | Reached skill level 5 in Maces & Flails
  3097 | D:3      | Reached XP level 6. HP: 67/67 MP: 6/6
  3133 | D:4      | Found a burning altar of Makhleb.
  3293 | D:4      | Reached *** piety under Trog
  3367 | D:4      | Found Wez Pyph's Lightly-Used Armoury.
  3503 | D:4      | Reached skill level 6 in Maces & Flails
  3711 | D:4      | Noticed a black bear
  3732 | D:4      | Killed a black bear
  3733 | D:4      | Reached XP level 7. HP: 78/78 MP: 7/7
  3996 | D:5      | Entered Level 5 of the Dungeon
  4283 | D:5      | Found Duddudu's Armour Shoppe.
  4332 | D:5      | Reached skill level 7 in Maces & Flails
  4336 | D:5      | Found a staircase to the Ecumenical Temple.
  4345 | Temple   | Entered the Ecumenical Temple
  4643 | D:5      | Noticed Ijyb
  4649 | D:5      | Killed Ijyb
  4776 | D:5      | Found a shadowy altar of Dithmenos.
  4798 | D:5      | Noticed Menkaure
  4810 | D:5      | Killed Menkaure
  4811 | D:5      | Reached XP level 8. HP: 68/88 MP: 8/8
  5215 | D:5      | Found a basalt altar of Yredelemnul.
  5302 | D:6      | Noticed Edmund
  5314 | D:6      | Reached skill level 8 in Maces & Flails
  5456 | D:6      | Edmund changed into Edmund the bombardier beetle
  5456 | D:6      | Noticed Edmund
  5463 | D:6      | Killed Edmund the bombardier beetle
  5566 | D:6      | Found a bloodstained altar of Trog.
  5770 | D:6      | Noticed Eustachio
  5819 | D:6      | Killed Eustachio
  6130 | D:6      | Reached skill level 9 in Maces & Flails
  6550 | D:6      | Found a glowing silver altar of Zin.
  6621 | D:6      | Found an ornate altar of the Wu Jian Council.
  6636 | D:6      | Reached XP level 9. HP: 100/100 MP: 9/9
  6686 | D:6      | Found a broken altar of Ashenzari.
  6776 | D:6      | Noticed Blork the orc
  6789 | D:6      | Killed Blork the orc
  7132 | D:7      | Noticed Joseph
  7186 | D:7      | Found Faludoen's Jewellery Shoppe.
  7232 | D:7      | Reached skill level 10 in Fighting
  7232 | D:7      | Reached skill level 10 in Maces & Flails
  7969 | D:7      | Killed Joseph
  8094 | D:7      | Found a hide-covered altar of Uskayaw.
  8307 | D:8      | Found a runed translucent gate.
  8307 | D:8      | Found a runed translucent gate.
  8307 | D:8      | Found a runed translucent gate.
  8308 | D:8      | Noticed wqsa789's ghost (novice HuGl)
  8335 | D:8      | Reached skill level 11 in Maces & Flails
  8338 | D:8      | Found a shimmering blue altar of Sif Muna.
  8502 | D:8      | Reached XP level 10. HP: 98/114 MP: 10/10
  8562 | D:8      | Found an iron altar of Okawaru.
  8637 | D:8      | Found a flagged portal.
  8656 | Bailey   | Entered a bailey
  8665 | Bailey   | Reached **** piety under Trog
  8853 | Bailey   | Reached skill level 12 in Maces & Flails
  8875 | Bailey   | HP: 5/115 [gnoll/+0 trident (4)]
  8875 | Bailey   | Slain by a gnoll bouda

Illustrated notes

Levels and vault maps discovered:
D:1:      lemuel_arrival_funnel, layout_basic, serial_shops,
          nicolae_shop_waterfront, minmay_unequal
D:2:      layout_basic, uniq_jessica
D:3:      layout_basic
D:4:      layout_rooms, old_standard_altar, minmay_shop_damaged,
          kennysheep_small_square
D:5:      layout_loops_cross, lemuel_round_altar, grunt_dithmenos_smoke,
          minmay_temple_entry_waves, serial_shops, shop, st_stairs_1, uniq_ijyb,
          uniq_menkaure
D:6:      layout_basic, general_overflow_altar, mainiacjoe_overflow_alcove_1,
          marbit_many_paths, lemuel_doored_altar, minmay_crystal_water,
          minmay_misc_feat_chi, uniq_blork_the_orc, uniq_eustachio, uniq_edmund
D:7:      layout_rooms, old_standard_altar, serial_shops,
          nicolae_inconvenience_store, uniq_joseph
D:8:      layout_gridville, kennysheep_little_box, lemuel_crystal_altar,
          lemuel_crystal_altar, amcnicky_altar_gilded, enter_bailey_5,
          ebering_ghost_rock_garden, kennysheep_cross_room, wad_rectangle_vault,
          uniq_psyche
Temple:   hellmonk_temple_flake
Bailey:   bailey_polearm_gnolls_kennysheep, bailey

Skill      XL: |  1  2  3  4  5  6  7  8  9 10 |
---------------+-------------------------------+-----
Fighting       | 5 6 7 8 9 11 | 11.8
Maces & Flails | 4 5 6 7 9 11 12 | 12.0
Dodging        | |  2.6

Action                     |  1- 3 |  4- 6 |  7- 9 | 10-12 || total
---------------------------+-------+-------+-------+-------++-------
  Melee: Mace              |    85 |   188 |   366 |       ||   639
         Headbutt          |    12 |    31 |    72 |    22 ||   137
         Punch             |     1 |       |     4 |     2 ||     7
         Unarmed           |       |     7 |       |       ||     7
         Flail             |       |       |    17 |   111 ||   128
  Throw: Dart              |       |       |       |     4 ||     4
 Invoke: Berserk           |       |     2 |     9 |     1 ||    12
         Trog's Hand       |       |     1 |     9 |     2 ||    12
  Evoke: Wand              |       |       |     9 |     1 ||    10
   Stab: Sleeping          |     1 |       |       |       ||     1
         Distracted        |       |     1 |       |       ||     1
 Armour: Animal skin       |    79 |   135 |   197 |       ||   411
         Skin              |       |     3 |       |       ||     3
         Steam dragon scal |       |       |   166 |   129 ||   295
  Dodge: Dodged            |    59 |   118 |   246 |    94 ||   517

Table legend: (Time is in decaauts)
 A = Elapsed time spent in this place.
 B = Non-inter-level travel time spent in this place.
 C = Inter-level travel time spent in this place.
 D = Time resting spent in this place.
 E = Time spent auto-exploring this place.
 F = Levels seen in this place.
 G = Mean time per level.
                   A        B        C        D        E       F      G
               +--------+--------+--------+--------+--------+-----+--------+
         Total |   8988 |   8425 |    563 |   1023 |   5670 |  10 |  898.8 |
       Dungeon |   8753 |   8190 |    563 |    917 |   5670 |   8 | 1094.1 |
        Temple |     31 |     31 |      0 |     29 |      0 |   1 |   31.0 |
        Bailey |    203 |    203 |      0 |     77 |      0 |   1 |  203.0 |
               +--------+--------+--------+--------+--------+-----+--------+

Top non-repeatable levels by time:
     D:6: 1965 daAuts
     D:5: 1391 daAuts
     D:3: 1279 daAuts
     D:7: 1000 daAuts
     D:1: 966 daAuts
     D:2: 936 daAuts
     D:4: 880 daAuts
     D:8: 332 daAuts
  Bailey: 203 daAuts
  Temple: 31 daAuts
